 Dungeon Crawl Stone Soup version 0.26.0-20-g3ca415f5b8 (webtiles) character file.

Game seed: 14425160322947096767

2743 teolandon225 the Covert (level 9, -5/39 HPs)
             Began as a Spriggan Enchanter on Jan 25, 2021.
             Was a Priest of Dithmenos.
             Killed from afar by an orc wizard (13 damage)
             ... with a puff of flame
             ... on level 7 of the Dungeon.
             The game lasted 00:23:32 (11460 turns).

teolandon225 the Covert (Spriggan Enchanter)       Turns: 11460, Time: 00:23:32

Health: -5/39      AC:  2    Str:  4    XL:     9   Next: 41%
Magic:  5/14       EV: 28    Int: 19    God:    Dithmenos [***...]
Gold:   60         SH:  5    Dex: 17    Spells: 1/13 levels left

rFire    . . .     SeeInvis +   y - +0 dagger (curse)
rCold    . . .     Faith    .   (shield restricted)
rNeg     . . .     Spirit   .   e - +0 robe
rPois    .         Reflect  +   (helmet restricted)
rElec    .         Harm     .   (no cloak)
rCorr    .         Rampage  .   (gloves unavailable)
Will     ++...                  (boots unavailable)
Stlth    +++++++...             w - amulet of reflection
HPRegen  0.13/turn              o - +4 ring of evasion
MPRegen  0.14/turn              u - ring of willpower

@: wreathed by umbra, very quick
A: very small, unfitting armour, see invisible, speed 3
a: Renounce Religion, Shadow Step


You were on level 7 of the Dungeon.
You worshipped Dithmenos.
Dithmenos was most pleased with you.
You visited 1 branch of the dungeon, and saw 7 of its levels.
You also visited: Ossuary.

You collected 480 gold pieces.
You spent 420 gold pieces at shops.

Inventory:

Hand Weapons
 a - a +1 dagger
 b - a +0 hunting sling
 y - a cursed +0 dagger (weapon)
Missiles
 g - 271 stones (quivered)
Armour
 e - a +0 robe (worn)
Jewellery
 o - a +4 ring of evasion (left hand)
 r - a +4 ring of protection
 u - a ring of willpower (right hand)
 w - an amulet of reflection (around neck)
Wands
 s - a wand of flame (18)
 v - a wand of random effects (7)
 x - a wand of digging (5)
Scrolls
 c - 3 scrolls of teleportation
 n - 2 scrolls of remove curse
Potions
 d - a potion of resistance
 f - 2 potions of berserk rage
 h - 2 potions of brilliance
 i - 2 potions of heal wounds
 j - a potion of ambrosia
 k - 2 potions of mutation
 l - a potion of haste
 m - a potion of flight
 p - 6 potions of curing
 q - 3 potions of might
 t - a potion of invisibility


   Skills:
 - Level 1.1 Short Blades
 + Level 8.8 Dodging
 * Level 13.0 Stealth
 - Level 2.6 Spellcasting
 * Level 10.4 Hexes


You had one spell level left.
You knew the following spells:

 Your Spells              Type           Power        Failure   Level
a - Corona                Hex            46%          1%          1
e - Tukima's Dance        Hex            42%          1%          3
q - Ensorcelled Hibernat  Hex/Ice        44%          2%          2
r - Dazzling Flash        Conj/Hex       44%          5%          3
w - Confusing Touch       Hex            42%          1%          3

Your spell library contained the following spells:

 Spells                   Type           Power        Failure   Level
 Animate Skeleton         Necr           4%           16%         1
 Magic Dart               Conj           8%           16%         1
 Pain                     Necr           8%           16%         1
 Slow                     Hex            42%          1%          2
 Blink                    Tloc           N/A          24%         2
 Call Imp                 Summ           2%           24%         2
 Conjure Flame            Conj/Fire      2%           43%         3
 Mephitic Cloud           Conj/Pois/Air  2%           43%         3
 Vampiric Draining        Necr           1%           43%         3
 Animate Dead             Necr           1%           83%         4
 Agony                    Necr           2%           99%         5


Dungeon Overview and Level Annotations

Branches:
Dungeon (7/15)            Ossuary (visited)
 Temple: D:4-7

Altars:
Dithmenos
Elyvilon
Hepliaklqana
Nemelex Xobeh
Okawaru
Ru
Uskayaw
Wu Jian

Shops:
D:7 =!

Annotations:
D:6 exclusion: downstairs


Innate Abilities, Weirdness & Mutations

You are very small and have problems with some larger weapons.
You are too small for most types of armour.
You have supernaturally acute eyesight. (SInv)
You cover ground extremely quickly.


Message History

The killer bee misses you.
Casting: Ensorcelled Hibernation (safe; 2% risk of failure)
Confirm with . or Enter, or press ? or * to list all spells.
Aiming: Ensorcelled Hibernation (safe; 2% risk of failure)
Press: ? - help, Shift-Dir - straight line, f - killer bee, p - orc warrior
Aim: a killer bee (umbra, chance to affect: 61%)
The killer bee looks drowsy...
The orc wizard gestures wildly while chanting.
The orc wizard seems to speed up.
The orc warrior shouts!
You hit the orc warrior but do no damage.
The killer bee buzzes angrily.
You hear an angry buzzing noise.
You block the killer bee's attack. The killer bee closely misses you.
The orc warrior hits you from afar with a +0 trident!!
Ouch! That really hurt!
* * * LOW HITPOINT WARNING * * *
You emit a cloud of dark smoke.
The orc wizard casts a spell at you. The puff of flame hits you!
You die...

#.#...#...#..#.............#...(
#.'#######'..#.#..........≈§≈≈§.
#....###.....#.#..........≈###≈.
.............#.#...........+ ..
.....†∩..)†....#.#.######.≈###≈..
...............#.#.# #.≈≈≈§≈..
########.####.†#.#.# #........
..... ...#§#.# #.#######
###.##.##.#@#.######.#
.......§y§§§...>...####
#.##....oo..#.........#
#.#####.#####.........# ..# #..
#.........# ## #.........#
#.........# #.........#
#.........#


You could see an orc warrior, a killer bee and an orc wizard (fast).

Vanquished Creatures
  Pikel (D:4)
  Eustachio (D:6)
  A sky beast (D:5)
  An ice beast (D:6)
  A phantom (D:4)
  3 ogres
  A centaur (D:5)
  2 lemures (D:4)
  3 bullfrogs (D:6)
  An elf zombie (Ossuary)
  2 scorpions (D:4)
  3 killer bees
  2 wights (D:6)
  2 centaur zombies (Ossuary)
  A hound (D:6)
  A bullfrog skeleton (D:6)
  A jelly (D:7)
  A human zombie (Ossuary)
  2 orc priests (D:6)
  Jessica (D:3)
  7 worker ants
  2 iguanas
  3 orc wizards
  Natasha (D:2)
  A big kobold zombie (Ossuary)
  A hound zombie (Ossuary)
  3 mummies (Ossuary)
  A worker ant zombie (D:5)
  4 gnolls
  6 adders
  A shadow imp (D:5)
  A white imp (D:7)
  An ufetubus (D:6)
  2 oozes
  4 adder zombies
  4 worms
  2 dart slugs
  7 leopard geckos
  11 orcs
  8 bats
  5 giant cockroaches
  2 gnoll zombies (Ossuary)
  9 goblins
  8 hobgoblins
  5 jackals
  A quokka (D:7)
  2 ball pythons
  6 frilled lizards
  4 goblin zombies (Ossuary)
  5 jackal zombies (Ossuary)
  12 kobolds
  4 kobold zombies (Ossuary)
  2 orc zombies (Ossuary)
  8 quokka zombies (Ossuary)
  3 rat zombies (Ossuary)
177 creatures vanquished.

Vanquished Creatures (collateral kills)
  2 wights (D:6)
2 creatures vanquished.

Vanquished Creatures (others)
  A dancing weapon (D:6)
  11 plants (D:4)
12 creatures vanquished.

Grand Total: 191 creatures vanquished

Notes
Turn   | Place    | Note
-------+----------+-------------------------------------------
     0 | D:1      | teolandon225 the Spriggan Enchanter began the quest for the
                  | Orb.
     0 | D:1      | Reached XP level 1. HP: 9/9 MP: 5/5
   632 | D:1      | Reached XP level 2. HP: 10/13 MP: 4/6
   635 | D:1      | Learned a level 2 spell: Ensorcelled Hibernation
   654 | D:1      | Reached skill level 5 in Stealth
  1393 | D:1      | Reached XP level 3. HP: 16/16 MP: 2/8
  1397 | D:1      | Learned a level 3 spell: Confusing Touch
  2085 | D:1      | Reached skill level 6 in Stealth
  2085 | D:1      | Reached XP level 4. HP: 21/21 MP: 2/9
  2511 | D:2      | Reached skill level 5 in Hexes
  3024 | D:2      | Found a shadowy altar of Dithmenos.
  3084 | D:2      | Reached XP level 5. HP: 24/24 MP: 5/10
  3100 | D:2      | Learned a level 3 spell: Tukima's Dance
  3320 | D:2      | Became a worshipper of Dithmenos the Shadowed
  3342 | D:3      | Noticed Natasha
  3351 | D:2      | Killed Natasha
  3461 | D:3      | Noticed Jessica
  3637 | D:3      | Killed Jessica
  3638 | D:3      | Reached skill level 7 in Stealth
  3929 | D:3      | Found a hazy altar of Hepliaklqana.
  5296 | D:4      | Found a sand-covered staircase.
  5301 | Ossuary  | Entered an ossuary
  5550 | Ossuary  | Reached * piety under Dithmenos
  5652 | Ossuary  | Reached XP level 6. HP: 19/28 MP: 8/11
  5807 | Ossuary  | Reached skill level 5 in Dodging
  6266 | Ossuary  | Reached skill level 8 in Stealth
  7052 | Ossuary  | Reached ** piety under Dithmenos
  7159 | D:4      | Reached XP level 7. HP: 32/32 MP: 9/12
  7197 | D:4      | Noticed Pikel
  7470 | D:4      | Killed Pikel
  7471 | D:4      | Reached skill level 10 in Stealth
  7503 | D:4      | Found a white marble altar of Elyvilon.
  7573 | D:4      | Reached XP level 8. HP: 26/36 MP: 10/13
  7577 | D:4      | Learned a level 3 spell: Dazzling Flash
  7875 | D:4      | Found a sparkling altar of Nemelex Xobeh.
  8138 | D:5      | Entered Level 5 of the Dungeon
  8304 | D:5      | Reached skill level 11 in Stealth
  9548 | D:6      | Noticed Eustachio
  9585 | D:6      | Reached skill level 12 in Stealth
  9639 | D:6      | Reached XP level 9. HP: 22/39 MP: 3/14
  9834 | D:6      | Found a hide-covered altar of Uskayaw.
 10121 | D:6      | Killed Eustachio
 10122 | D:6      | Reached skill level 10 in Hexes
 10410 | D:6      | Found an iron altar of Okawaru.
 10746 | D:7      | Found an ornate altar of the Wu Jian Council.
 10807 | D:6      | Reached *** piety under Dithmenos
 11279 | D:7      | Found Iwoy's Jewellery Emporium.
 11300 | D:7      | Bought an uncursed amulet of reflection for 420 gold pieces
 11305 | D:7      | Found a sacrificial altar of Ru.
 11309 | D:7      | Found Naing's Distillery.
 11411 | D:7      | Reached skill level 13 in Stealth
 11460 | D:7      | Killed from afar by an orc wizard

Illustrated notes

Levels and vault maps discovered:
D:1:      dpeg_arrival_signposts, layout_basic
D:2:      layout_basic, lemuel_crystal_altar, minmay_misc_feat_more_columns
D:3:      layout_basic, old_standard_altar, uniq_natasha, uniq_jessica
D:4:      layout_loops_ring, nemelex_xobeh_ov_fountains_minmay,
          elyvilon_altar_1, nicolae_ossuary_entry_plus, kennysheep_cross_room,
          serial_bayou_lagoon_a, uniq_pikel
D:5:      layout_cave_pods, minmay_circle_x
D:6:      layout_loops_ring, basic_altar, hangedman_decor_push,
          okawaru_altar_gauntlet_db, uniq_eustachio
D:7:      layout_basic, grunt_temple_overflow_champion_of_chaos,
          old_standard_altar, nicolae_ru_great_annihilating_truth,
          minmay_temple_entry_wispy, serial_shops, nicolae_shop_statue_plus,
          kennysheep_mini_moat, shop

Skill      XL: |  1  2  3  4  5  6  7  8  9 |
---------------+----------------------------+-----
Hexes          | 4 5 6 8 9 10 | 10.4
Stealth        | 5 6 7 8 10 12 13 | 13.0
Dodging        | 4 5 6 8 |  8.8
Short Blades   | |  1.1
Spellcasting   | |  2.6

Action                   |  1- 3 |  4- 6 |  7- 9 || total
-------------------------+-------+-------+-------++-------
Melee: Dagger            |    42 |   315 |   259 ||   616
 Fire: Hunting sling     |    13 |    39 |       ||    52
 Cast: Corona            |     5 |       |       ||     5
       Ensorcelled Hiber |    25 |    54 |    80 ||   159
       Confusing Touch   |       |    33 |    14 ||    47
       Tukima's Dance    |       |     1 |     9 ||    10
       Dazzling Flash    |       |       |     1 ||     1
Invok: Shadow Step       |       |       |     1 ||     1
  Use: Scroll            |       |     7 |    12 ||    19
 Stab: Sleeping          |    21 |    41 |    59 ||   121
       Confused          |       |    35 |    15 ||    50
       Paralysed         |       |       |     1 ||     1
Armor: Robe              |     2 |    10 |     8 ||    20
Dodge: Dodged            |    26 |   202 |   244 ||   472
Block: Other             |       |       |     7 ||     7
       Reflection        |       |       |     1 ||     1
